Cogmind - Beta 16 @@@ ROGUE MODE // 2025.11.06 @ 23:01:45 Player: YBOUZL Result: Destroyed by S-10 Pest with Light Assault Rifle Performance ------------- Evolutions (2) 1000 Regions Visited (5) 1000 Robots Destroyed (24) 120 Value Destroyed (752) 752 Prototype IDs (0) 0 Alien Tech Used (0) 0 Bonus (0) 0 TOTAL SCORE: 2872 Bonus ------- None Cogmind --------- Core Integrity 0/550 Matter 296/300 Energy 100/100 System Corruption 5% Temperature Cool (0) Movement Core (50) Location -8/Materials Parts ------- > --- POWER (1) -------- (None) > --- PROPULSION (4) --- (None) > --- UTILITY (3) ------ (None) > --- WEAPON (3) ------- (None) > --- INVENTORY (5) ---- Ion Engine Light Ion Engine Improved Heat Sink Medium Storage Unit Particle Charger Peak State ------------ > --- POWER ------------ Improved Ion Engine > --- PROPULSION ------- Aluminum Leg Aluminum Leg Aluminum Leg Aluminum Leg > --- UTILITY ---------- Improved Heat Sink Large Storage Unit Weight Redist. System > --- WEAPON ----------- Beam Rifle EM Pulse Cannon Light Assault Rifle > --- INVENTORY -------- Ion Engine Light Ion Engine Light Treads Light Treads Improved Heat Sink Medium Storage Unit Large Storage Unit Humpback Particle Charger Propulsion Shielding Propulsion Shielding Propulsion Shielding Mining Laser [Rating: 19] Favorites ----------- Power Ion Engine Engine Ion Engine Power Core Light Nuclear Core Propulsion Aluminum Leg Treads Light Treads Leg Aluminum Leg Utility Large Storage Unit Device Heat Sink Storage Large Storage Unit Weapon Light Assault Rifle Energy Gun Beam Rifle Energy Cannon EM Pulse Cannon Ballistic Gun Light Assault Rifle Special Weapon Mining Laser Build | -11 -10 -10 -10 -9 -8 ------- Run | Yrd Mat Min Exi Min Mat Slots Evolved 4 | . . . . . 4 Power . | . . . . . . Propulsion 2 | . . . . . 2 Utility 1 | . . . . . 1 Weapon 1 | . . . . . 1 Parts Attached 33 | 6 2 10 1 2 12 Power 5 | 1 . 2 . . 2 Engine 4 | 1 . 2 . . 1 Core 1 | . . . . . 1 Reactor . | . . . . . . Propulsion 10 | 2 . 4 . . 4 Treads 2 | . . 1 . . 1 Leg 8 | 2 . 3 . . 3 Wheel . | . . . . . . Hover . | . . . . . . Flight . | . . . . . . Utility 8 | 1 1 2 1 1 2 Device 4 | . . 1 . 1 2 Storage 4 | 1 1 1 1 . . Processor . | . . . . . . Hackware . | . . . . . . Protection . | . . . . . . Artifact . | . . . . . . Weapon 10 | 2 1 2 . 1 4 Energy Gun 4 | . 1 1 . 1 1 Energy Cannon 2 | . . . . . 2 Ballistic Gun 3 | 2 . 1 . . . Ballistic Cannon . | . . . . . . Launcher . | . . . . . . Special Weapon 1 | . . . . . 1 Impact Weapon . | . . . . . . Slashing Weapon . | . . . . . . Piercing Weapon . | . . . . . . Special Melee Weapon . | . . . . . . Unidentified Prototypes . | . . . . . . Corrupted Parts 2 | . . . . . 2 System Corruption 5 | . . . . . 5 Parts Lost 22 | . . 8 . . 14 Power 4 | . . 2 . . 2 Propulsion 8 | . . 3 . . 5 Utility 2 | . . . . . 2 Weapon 8 | . . 3 . . 5 Highest Loss Streak 10 | . . 4 . . 10 To Critical Strikes . | . . . . . . Average Backups 10 | 4 7 9 8 9 12 Power 1 | . 1 1 . 1 1 Propulsion 3 | 2 4 3 3 4 2 Utility 4 | . 1 3 3 4 7 Weapon . | . 1 . . . 1 Tool/Special . | . . . . . . Unused Backups 12 | . . . 1 . 11 Power 2 | . . . 1 . 1 Propulsion 3 | . . . . . 3 Utility 7 | . . . . . 7 Weapon . | . . . . . . Tool/Special . | . . . . . . Average Slot Usage (%) 91 | . 91 88 99 100 89 Engine 8 | . 14 11 14 14 4 Core 2 | . . . . . 4 Treads 2 | . . 1 . . 5 Leg 26 | . 28 25 28 28 27 Device 11 | . . 4 13 14 16 Storage 13 | . 19 17 14 14 8 Energy Gun 11 | . 13 12 14 14 9 Energy Cannon 2 | . . . . . 5 Ballistic Gun 11 | . 14 13 14 14 8 Peak Build Rating 19 | 6 8 8 8 8 19 Average Rating 10 | 4 6 6 7 7 15 On Entrance 6 | . 6 8 7 8 8 Avg Prop Armor Cover (%) 7 | . . 16 . . 7 Naked Turns 35 | . . . . . 35 Heaviest Build 38 | 13 34 34 28 28 38 Greatest Support 46 | 20 20 20 20 20 46 Greatest Overweight (x) 4 | 4 1 1 1 1 1 Average Overweight (x) . | 1 . . . 1 . Largest Inventory Capacity 35 | 8 15 15 35 15 15 Average Capacity 12 | 7 11 11 11 15 14 Most Carried 15 | 8 10 10 10 12 15 Average Carried 10 | 4 7 9 8 10 13 Final Capacity 15 | 8 15 10 15 15 5 Final Carried 12 | 6 10 8 10 12 5 Class Distribution -------------------- 36% | Mutant 32% | Scavenger-Gunner 31% | Scavenger-Mutant Dominant Class ---------------- Mutant | -10/Materials Mutant | -10/Mines Scavenger-Mutant | -10/Exiles Mutant | -9/Mines Scavenger-Gunner | -8/Materials Resources | -11 -10 -10 -10 -9 -8 ----------- Run | Yrd Mat Min Exi Min Mat Matter Collected 693 | 215 74 172 . 79 153 Remotely . | . . . . . . Salvage Created 908 | . 74 253 . . 581 Parts 53 | . 7 16 . . 30 Haulers Intercepted . | . . . . . . Recyclers Shooed . | . . . . . . Parts Field Recycled . | . . . . . . Retrieved Matter . | . . . . . . Parts Self-Destructed . | . . . . . . Prevented . | . . . . . . Parts Restored . | . . . . . . Kills | -11 -10 -10 -10 -9 -8 ------- Run | Yrd Mat Min Exi Min Mat Combat Hostiles Destroyed 20 | . 3 7 . . 10 Guns 15 | . 3 7 . . 5 Cannons 5 | . . . . . 5 Classes Destroyed 6 | . 2 2 . . 2 Worker 1 | . . 1 . . . Builder 1 | . . . . . 1 Watcher 2 | . 1 . . . 1 Swarmer 5 | . 3 2 . . . Grunt 11 | . . 5 . . 6 Sentry 4 | . . . . . 4 Best Kill Streak 4 | . 3 3 . . 4 Combat Bots Only 4 | . 3 2 . . 4 Max Kills in Single Turn 2 | . 1 1 . . 2 Gunslinging . | . . . . . . Exploded . | . . . . . . Melee . | . . . . . . Uniques/NPCs Destroyed . | . . . . . . Combat | -11 -10 -10 -10 -9 -8 -------- Run | Yrd Mat Min Exi Min Mat Hostile Shots Fired 328 | . 32 84 . . 212 Missed 89 | . 11 23 . . 55 Hits 239 | . 21 61 . . 157 Melee 3 | . . 3 . . . Projectile 236 | . 21 58 . . 157 Critical Strikes 2 | . . . . . 2 Damage Taken 2632 | . 166 755 . . 1711 Core 713 | . 27 132 . . 554 Absorbed by Shields . | . . . . . . Core Remaining (%) 68 | 100 . . . 36 . Volleys Fired 77 | . 9 30 . . 38 Largest 3 | . 2 2 . . 3 Hottest 139 | . 70 70 . . 139 Shots Fired 165 | . 18 55 1 . 91 Gun 148 | . 18 55 1 . 74 Cannon 15 | . . . . . 15 Launcher . | . . . . . . Special 2 | . . . . . 2 Kinetic 74 | . 9 28 1 . 36 Thermal 76 | . 9 27 . . 40 Explosive . | . . . . . . Electromagnetic 15 | . . . . . 15 Robot Hit Streak 19 | . 3 8 . . 19 Robot Miss Streak 5 | . 5 2 . . 2 Penetration Max . | . . . . . . Secondary Targets 1 | . . 1 . . . Max Gunslinging Chain 1 | . . 1 . . . Shots Hit Robots 105 | . 6 32 . . 67 Core Hits 52 | . 4 17 . . 31 Critical Kills . | . . . . . . Critical Parts Destroyed 1 | . . . . . 1 Critical Strikes 3 | . . 1 . . 2 Burn 2 | . . 1 . . 1 Destroy 1 | . . . . . 1 Melee Attacks . | . . . . . . Impact . | . . . . . . Slashing . | . . . . . . Piercing . | . . . . . . Sneak Attacks . | . . . . . . Combat Hostiles . | . . . . . . Follow-up Attacks . | . . . . . . Damage Inflicted 1407 | . 92 333 . . 982 Guns 998 | . 92 329 . . 577 Cannons 313 | . . . . . 313 Explosions 47 | . . . . . 47 Melee . | . . . . . . Ramming 49 | . . 4 . . 45 Kinetic 399 | . 41 157 . . 201 Thermal 646 | . 51 172 . . 423 Explosive . | . . . . . . Electromagnetic 313 | . . . . . 313 Impact . | . . . . . . Slashing . | . . . . . . Piercing . | . . . . . . Highest Corruption 5 | . . 4 4 4 5 Average Corruption 3 | . . 4 4 4 3 Corruption Purged . | . . . . . . Corruption Blocked . | . . . . . . Effects 25 | . . 5 8 1 11 Message Errors 6 | . . 1 5 . . Matter Fused 7 | . . 1 2 . 4 Heat Flow Errors 3 | . . 1 . . 2 Energy Discharges 1 | . . . . . 1 Data Loss (minor) 4 | . . 1 . 1 2 Data Loss (major) 1 | . . . . . 1 Misfires 3 | . . 1 1 . 1 Overload Shots . | . . . . . . Overflow Damage . | . . . . . . Projectiles . | . . . . . . Explosions . | . . . . . . Melee . | . . . . . . Knockbacks . | . . . . . . Impact . | . . . . . . Kinetic . | . . . . . . Secondary . | . . . . . . Self-Inflicted Damage 33 | . . . . . 33 Shots 1 | . . . . . 1 Rammed 2 | . . . . . 2 Targets Rammed 12 | . . 2 . . 10 Kicked 10 | . . 2 . . 8 Crushed . | . . . . . . Highest Temperature 212 | . 27 138 . . 212 Average Temperature 40 | . 10 48 . . 44 Received Heat Transfer 810 | . . 315 . . 495 Siege Activations . | . . . . . . Martial Activations . | . . . . . . Shielding Activations . | . . . . . . Robots Disrupted . | . . . . . . Combat Hostiles . | . . . . . . Robots Corrupted . | . . . . . . Combat Hostiles . | . . . . . . Parts Fried . | . . . . . . Impact Corruptions . | . . . . . . Robots Melted . | . . . . . . Combat Hostiles . | . . . . . . Parts Melted 6 | . 1 2 . . 3 Heat Transferred 1699 | . 148 521 . . 1030 Parts Sabotaged . | . . . . . . Parts Stolen . | . . . . . . Parts Stripped . | . . . . . . Power Chain Reactions 1 | . . . . . 1 Alert | -11 -10 -10 -10 -9 -8 ------- Run | Yrd Mat Min Exi Min Mat Maximum Alert Level . | . . . . . . Low Security (%) 100 | 100 100 100 . 100 100 Level 1 . | . . . . . . Level 2 . | . . . . . . Level 3 . | . . . . . . Level 4 . | . . . . . . Level 5 . | . . . . . . High Security . | . . . . . . Max Security . | . . . . . . Peak Influence 122 | . 61 122 . . 70 Initial . | . . . . . . Average 17 | . 16 29 . . 15 Influence Increases 627 | . 79 240 . . 308 Destroy 0b10 Robot/C 400 | . 60 140 . . 200 Destroy 0b10 Robot/NC 20 | . 5 5 . . 10 Destroy Leader 94 | . 12 20 . . 62 Successful Hack 2 | . . . . . 2 Disable Machine 15 | . . . . . 15 Destroy Structure 6 | . 2 . . . 4 Lose Combat Pursuer 90 | . . 75 . . 15 Influence Decreases 627 | . 79 158 82 . 308 Entered New Map 82 | . . . 82 . . Time Decay 407 | . 79 98 . . 230 Lost Part 138 | . . 60 . . 78 Squads Dispatched 6 | . . . . . 6 Investigation . | . . . . . . Extermination . | . . . . . . Reinforcement 2 | . . . . . 2 Assault . | . . . . . . Garrison 4 | . . . . . 4 Intercept . | . . . . . . Searches Triggered . | . . . . . . Construction Impeded . | . . . . . . Haulers Reinforced . | . . . . . . Active Scanning Responses . | . . . . . . Cargo Convoy Interrupts . | . . . . . . Stealth | -11 -10 -10 -10 -9 -8 --------- Run | Yrd Mat Min Exi Min Mat Distress Signals 2 | . . 1 . . 1 Communications Jammed . | . . . . . . Distress Signals . | . . . . . . Times Spotted 38 | . 7 12 . . 19 Peak Tracking Total 4 | . 4 4 . . 4 Tactical Retreats 5 | . . 4 . . 1 Traps | -11 -10 -10 -10 -9 -8 ------- Run | Yrd Mat Min Exi Min Mat Traps Triggered . | . . . . . . Indirectly . | . . . . . . Trap Hack Attempts . | . . . . . . Triggered . | . . . . . . Disarmed . | . . . . . . Reprogrammed 1 | . 1 . . . . Reused . | . . . . . . Traps Extracted . | . . . . . . Installed . | . . . . . . Triggered . | . . . . . . Machines | -11 -10 -10 -10 -9 -8 ---------- Run | Yrd Mat Min Exi Min Mat Machines Disabled 1 | . . . . . 1 Max in Single Turn 1 | . . . . . 1 Machines Repaired . | . . . . . . Machines Dismantled . | . . . . . . Machines Sabotaged . | . . . . . . Overloaded Fab Kills . | . . . . . . Hacking | -11 -10 -10 -10 -9 -8 --------- Run | Yrd Mat Min Exi Min Mat Machines Accessed 4 | . 2 . 1 . 1 Terminals 2 | . 2 . . . . Fabricators . | . . . . . . Repair Stations . | . . . . . . Recycling Units . | . . . . . . Scanalyzers 1 | . . . . . 1 Garrison Access . | . . . . . . Total Hacks 7 | . 4 . 1 . 2 Successful 7 | . 4 . 1 . 2 Failed . | . . . . . . Catastrophic . | . . . . . . Database Lockouts . | . . . . . . Manual 2 | . . . 2 . . Terminals 4 | . 4 . . . . Fabricators . | . . . . . . Repair Stations . | . . . . . . Recycling Units . | . . . . . . Scanalyzers 2 | . . . . . 2 Garrison Access . | . . . . . . Terminal Hacks 5 | . 4 . 1 . . Record 2 | . 1 . 1 . . Alert Level 1 | . 1 . . . . Locate Traps 1 | . 1 . . . . Reprogram Traps 1 | . 1 . . . . Fabricator Hacks . | . . . . . . Repair Station Hacks . | . . . . . . Recycling Unit Hacks . | . . . . . . Scanalyzer 2 | . . . . . 2 Retrieve Study 2 | . . . . . 2 Garrison Access Hacks . | . . . . . . Unauthorized Hacks . | . . . . . . Terminals . | . . . . . . Fabricators . | . . . . . . Repair Stations . | . . . . . . Recycling Units . | . . . . . . Scanalyzers . | . . . . . . Garrison Access . | . . . . . . Data Cores Recovered . | . . . . . . Used . | . . . . . . Hacking Detections 3 | . 2 . . . 1 Full Trace Events . | . . . . . . Feedback Events . | . . . . . . Feedback Blocked . | . . . . . . Robot Schematics Acquired . | . . . . . . Robots Built . | . . . . . . Authchips . | . . . . . . Time . | . . . . . . Total Robot Build Rating . | . . . . . . Part Schematics Acquired . | . . . . . . Parts Built . | . . . . . . Authchips . | . . . . . . Time . | . . . . . . Total Part Build Rating . | . . . . . . Part Studies Acquired 2 | . . . . . 2 Parts Repaired . | . . . . . . Time . | . . . . . . Parts Recycled . | . . . . . . Recycled Matter . | . . . . . . Retrieved Matter . | . . . . . . Retrieved Components . | . . . . . . Parts Scanalyzed . | . . . . . . Part Schematics Acquired . | . . . . . . Parts Damaged . | . . . . . . Bothacking | -11 -10 -10 -10 -9 -8 ------------ Run | Yrd Mat Min Exi Min Mat Used RIF Installer . | . . . . . . Robots Hacked . | . . . . . . Non-combat . | . . . . . . Combat . | . . . . . . Robot Hacks Applied . | . . . . . . Relay Couplers Released . | . . . . . . Fabnet Peak Effective % . | . . . . . . Robots Rewired . | . . . . . . Allies Hacked . | . . . . . . Hacks Repelled . | . . . . . . Allies | -11 -10 -10 -10 -9 -8 -------- Run | Yrd Mat Min Exi Min Mat Total Allies . | . . . . . . Largest Group . | . . . . . . Highest-Rated Group . | . . . . . . Highest-Rated Ally . | . . . . . . Total Orders . | . . . . . . Ally Attacks . | . . . . . . Total Damage . | . . . . . . Kills . | . . . . . . Allies Corrupted . | . . . . . . Allies Melted . | . . . . . . Intel | -11 -10 -10 -10 -9 -8 ------- Run | Yrd Mat Min Exi Min Mat Active Infowar (turns) 125 | . . . . 94 31 Terrain 125 | . . . . 94 31 Robot Analysis Total . | . . . . . . Derelict Logs Recovered 2 | . . 1 . 1 . Drone Launches . | . . . . . . Drone Recoveries . | . . . . . . Exploration | -11 -10 -10 -10 -9 -8 ------------- Run | Yrd Mat Min Exi Min Mat Turns Passed 2580 | 123 325 517 317 130 1168 Spaces Moved 1273 | 69 178 210 222 66 528 Core 102 | 38 . . . . 64 Treads . | . . . . . . Legs 1171 | 31 178 210 222 66 464 Wheels . | . . . . . . Hover . | . . . . . . Flight . | . . . . . . Fastest Speed 50 | 50 120 120 120 190 50 Average Speed 135 | 155 147 148 136 190 117 Slowest Speed 250 | 250 190 190 190 190 190 Overloaded Moves . | . . . . . . Propulsion Burnouts . | . . . . . . Robots Hopped . | . . . . . . Potential Cave-ins . | . . . . . . Cave-ins Triggered . | . . . . . . Exploration Rate (%) 27 | 5 30 38 51 14 29 Regions Visited 5 Branch Regions 3 Pre-discovered Areas 1 | . . . . 1 . Known Exits Taken . | . . . . . . Unknown Exits Taken 5 | 1 1 1 1 1 . Scrap Searched 1 | . . . . 1 . Spaces Dug . | . . . . . . Terrain Destroyed 3 | . . . . . 3 Melee . | . . . . . . Projectile 1 | . . . . . 1 AOE 2 | . . . . . 2 Terrain Rammed . | . . . . . . Walls Destroyed . | . . . . . . Machines Disabled . | . . . . . . Actions | -11 -10 -10 -10 -9 -8 --------- Run | Yrd Mat Min Exi Min Mat Total 1980 | 83 224 361 241 71 1000 Wait 516 | . 29 106 . . 381 Move 1268 | 68 177 209 221 65 528 Hop . | . . . . . . Pick Up 33 | 9 4 . 8 3 9 Fast Attach 18 | 3 1 6 1 . 7 Attach 20 | 3 2 4 2 1 8 Detach 8 | . 2 1 1 . 4 Swap 3 | . . 2 . 1 . Drop 25 | . . 1 8 1 15 Fire 77 | . 9 30 . . 38 Melee . | . . . . . . Ram 2 | . . . . . 2 Kick 10 | . . 2 . . 8 Crush . | . . . . . . Escape Stasis . | . . . . . . Rewire . | . . . . . . Trap . | . . . . . . Miscellaneous . | . . . . . . Route ------- -11/Scrapyard -10/Materials (discovered 2 exits: [*Mat] / [*Min]) -10/Mines -10/Exiles -9/Mines -8/Materials History --------- Turn | Location | Event 11 | -11/Scrapyard | Discovered new exit (range 16) 124 | -11/Scrapyard | Entered Materials 223 | -10/Materials | Discovered new exit (range 13) 227 | -10/Materials | Discovered new exit (range 16) 305 | -10/Materials | Build established: Mutant 449 | -10/Materials | Entered Mines 563 | -10/Mines | Excavation squad dispatched 563 | -10/Mines | A large section of the Mines collapsed 730 | -10/Mines | Core integrity fell below 50% 742 | -10/Mines | Lost 4 parts (1p1n2w) 880 | -10/Mines | Lost 3 parts (1p1n1w) 938 | -10/Mines | Learned Materials emergency access door positions 958 | -10/Mines | Deemed a non-threat by the Exiles lab entrance 959 | -10/Mines | Discovered new exit (range 5) 966 | -10/Mines | Entered Exiles 966 | -10/Exiles | Found Exiles lab abandoned 1169 | -10/Exiles | Build established: Scavenger-Mutant 1245 | -10/Exiles | Discovered new exit (range 15) 1283 | -10/Exiles | Entered Mines 1284 | -9/Mines | Learned location of Storage (-9) 1301 | -9/Mines | Learned 2 Materials zone layouts 1325 | -9/Mines | Discovered new exit (range 10) 1413 | -9/Mines | Entered Materials 1413 | -8/Materials | Evolved 4 slots: Propulsion x2, Utility x1, Weapon x1 1414 | -8/Materials | Garrison activated, responded to threat 1784 | -8/Materials | Build established: Scavenger-Gunner 2104 | -8/Materials | Lost 3 parts (1p1n1w) 2315 | -8/Materials | Garrison activated, responded to threat 2533 | -8/Materials | Core integrity fell below 50% 2549 | -8/Materials | Core integrity fell below 20% 2570 | -8/Materials | Lost 10 parts (1p4n1u4w) 2581 | -8/Materials | Destroyed by S-10 Pest with Light Assault Rifle Last Messages --------------- 02521_ Imp. Ion Engine+ destroyed. 02528_ Aluminum Leg+ destroyed. 02529_ Mining Laser destroyed. 02530_ System corrupted: Matter fused (-7). 02533_ U-05 Engineer builds a Wall. 02539_ Imp. Heat Sink destroyed. 02539_ Slammed into S-10 Pest. 02539_ Weight Redist. System broken. 02539_ Destabilizing: Short circuit. 02539_ S-10 Pest destroyed. 02542_ Dropped Broken Weight Redist. System. 02543_ Dropped Humpback. 02543_ Dropped Propulsion Shielding. 02544_ Dropped Lgt. Treads. 02545_ Dropped Lrg. Storage Unit. 02545_ Dropped Propulsion Shielding. 02546_ Dropped Lrg. Storage Unit. 02550_ Slammed into A-02 Transporter. 02564_ System corrupted: Matter fused (-6). 02572_ Acquired 2 matter. Map ----- +----------------------------------------------------+ | | | | | | | | | | | | | | | | | | | | | | | | | | | | | | | | | | | | | | | ????????????????????????########?????????????????? | | ???????????????????????# #?????????????????? | | ???????????????????????# "S #?????????????????? | | ???????????????????????# """ #?????????????????? | | ???????????????????????# "" ???????????????????? | | ??????????????????###### ?????????????????????? | | ??????????????????# ##@##############+###?????? | | ??????????????????# / #?????? | | ??????????????????# % Y #?????? | | ??????????????????# ##+##############/######??? | | ??????????########## s## #?????#! [ #??? | | ??????????# # ## """#?????# #??? | | ??????????# """ # ##!! """#?????# #??? | | ???#####??# """ + =##!!!"""#?????# [#??? | | ???# ?# """ #! !+[!= ####### #??? | | ???# " ?# ##%## =! / / #??? | | ???# """ # "" ##=############### #??? | | ???# """ # S"" ## #?????????????# #??? | | ???# """ +% / "" ## #?????????????###########??? | | ???# "" #/ ## #??????????????????????????? | | ???+ """ ########### #??????????????????????????? | | ???# "" ???????????# #??????????????????????????? | | ???# "" ???????????# #??????????????????????????? | | ???# " ????????????# #??????????????????????????? | | ???# ????????????# #??????????????????????????? | | ???# ?????????????# #??????????????????????????? | | ???# ?????????????# #??????????????????????????? | | ???## ??????????????# #??????????????????????????? | | ????##??????????????# #??????????????????????????? | | ????????????????????# #??????????????????????????? | | ????????????????????# #??????????????????????????? | +----------------------------------------------------+ Best States ------------- Heat Dissipation 45 Energy Generation 14 Energy Capacity 265 Matter Stores 300 Matter Capacity 300 Sight Range 16 Terrain Scan Range 14 Terrain Scan Density 10 Additional Mass Support 6 Evasion (%) 55 Recoil Reduction 1 Item Schematics ----------------- None Robot Schematics ------------------ None Fabricated ------------ Nothing Repaired ---------- Nothing Studied --------- Aluminum Leg | -8/Materials | Hacked Imp. Ion Engine | -8/Materials | Hacked Alien Tech Used ----------------- None Achievements -------------- A Problem For Future Me Ghost 'Em I Have A Map? Item+ Challenges ------------ None Game ------ Seed VoltaicScanSabre Manual? 0 Play Time 00:33:31 Cumulative 19.0 hours Start 2025.11.06 @ 22:28:14 End 2025.11.06 @ 23:01:45 Sessions 1 Manual Loads 0 Difficulty Rogue Special Mode None Game No. 39 Rogue 39 Adventurer 0 Explorer 0 Win Type - Total 0 Types 0/0/0/0/0/0/0/0/0/0 Lore% 12 Gallery% 21 Achievement% 12 Wizard Run 0 Options --------- Layout 1 ASCII 0 Keyboard 0 Movement Arrows Keybinds 0 Fullscreen 1 Font 24/Smallcaps Map View 50x40 Zoom Use 0% Tactical HUD 1 Map Filters NONE Filters NONE Steam 1 RUN: 81cf4dcd-f72a-408b-beb0-6bd16ac2a773